 Dungeon Crawl Stone Soup version 0.19-a0-1899-g2d93087 (webtiles) character file.

47 JeffiDaFish the Ogre Mage (level 3, -8/31 HPs)
             Began as an Ogre Fire Elementalist on Oct 19, 2016.
             Mangled by fearitself's ghost (10 damage)
             ... on level 3 of the Dungeon.
             The game lasted 00:06:33 (2521 turns).

JeffiDaFish the Ogre Mage (Ogre Fire Elementalist)  Turns: 2521, Time: 00:06:33

Health: -8/31      AC:  3    Str: 14    XL:     3   Next: 70%
Magic:  0/7        EV: 10    Int: 14    God:
Gold:   123        SH:  0    Dex: 10    Spells: 2 memorised, 4 levels left

rFire  . . .     SeeInvis .     k - +0 hand axe
rCold  . . .     Gourm    .     a - +0 robe
rNeg   . . .     Faith    .     (no shield)
rPois  .         Spirit   .     (helmet restricted)
rElec  .         Reflect  .     (no cloak)
rCorr  +         Harm     .     (gloves unavailable)
MR     .....                    (boots unavailable)
Stlth  ++........               (no amulet)
                                (no ring)
                                d - ring of resist corrosion

@: very slightly contaminated
A: unfitting armour, tough skin 1
a: no special abilities


You were on level 3 of the Dungeon.
You were not hungry.

You visited 1 branch of the dungeon, and saw 3 of its levels.

You collected 123 gold pieces.

Inventory:

Hand Weapons
 k - a +0 hand axe (weapon)
Armour
 a - a +0 robe (worn)
Jewellery
 d - a ring of resist corrosion (left hand)
Wands
 j - a wand of digging (7/24)
Scrolls
 g - 2 scrolls of teleportation
 l - a scroll of recharging
Potions
 e - 2 potions of brilliance
 h - a potion of curing
Books
 b - a book of Flames

   Spells                             Type                      Level
   a - Flame Tongue                   Conjuration/Fire             1
   b - Throw Flame                    Conjuration/Fire             2
   c - Conjure Flame                  Conjuration/Fire             3
   d - Inner Flame                    Hexes/Fire                   3
   e - Sticky Flame                   Conjuration/Fire             4
   f - Fireball                       Conjuration/Fire             5
Comestibles
 c - a bread ration
 f - a meat ration


   Skills:
 + Level 0.1 Axes
 + Level 2.1 Dodging
 + Level 1.9 Stealth
 + Level 0.8 Unarmed Combat
 + Level 2.8 Spellcasting
 + Level 0.7 Conjurations
 + Level 2.5 Fire Magic


You had 4 spell levels left.
You knew the following spells:

 Your Spells              Type           Power        Failure   Level  Hunger
a - Flame Tongue          Conj/Fire      #....        14%         1    #......
b - Throw Flame           Conj/Fire      #.....       21%         2    ##.....


Dungeon Overview and Level Annotations

Branches:
Dungeon (3/15)

Altars:
Cheibriados

Annotations:
D:3 fearitself's ghost, weakling FoGl


Innate Abilities, Weirdness & Mutations

You are too large for most types of armour.
You have tough skin. (AC +1)


Message History

Aiming: Flame Tongue
Press: ? - help, Shift-Dir - straight line, f/p - fearitself's ghost
Aim: fearitself's ghost (lightly damaged)
You miscast Flame Tongue.
Heat runs through your body. Fearitself's ghost hits you!
Casting: Flame Tongue
Confirm with . or Enter, or press ? or * to list all spells.
Aiming: Flame Tongue
Press: ? - help, Shift-Dir - straight line, f/p - fearitself's ghost
Aim: fearitself's ghost (lightly damaged)
You miscast Flame Tongue.
Nothing appears to happen.
Fearitself's ghost hits you but does no damage.
You hit fearitself's ghost but do no damage.
Fearitself's ghost is lightly damaged.
Fearitself's ghost hits you!
* * * LOW HITPOINT WARNING * * *
You hit fearitself's ghost.
Fearitself's ghost is lightly damaged.
Fearitself's ghost hits you!
You die...

. ## ##
... .. ##
.#. .##
... ..#..
# # ...
#...#.##.#
.. .... .W
#.##(##.#
#...@W..#
####<####
#.# #.#
... ...
....!
...).
#.....#


You could see fearitself's ghost.

Vanquished Creatures
  A dart slug (D:2)
  A ball python (D:2)
  4 bats
  2 giant cockroaches (D:1)
  4 goblins
  2 hobgoblins
  11 jackals
  3 kobolds
  13 rats
41 creatures vanquished.

Notes
Turn   | Place    | Note
-------+----------+-------------------------------------------
     0 | D:1      | JeffiDaFish the Ogre Fire Elementalist began the quest for the Orb.
     0 | D:1      | Reached XP level 1. HP: 16/16 MP: 3/3
   289 | D:1      | Reached XP level 2. HP: 20/24 MP: 2/5
   299 | D:1      | Learned a level 2 spell: Throw Flame
  1234 | D:2      | Found a snail-covered altar of Cheibriados.
  1300 | D:2      | Reached XP level 3. HP: 19/31 MP: 7/7
  2511 | D:3      | Noticed fearitself's ghost (weakling FoGl)
  2521 | D:3      | Mangled by fearitself's ghost

Vault maps used:
D:1:      dpeg_arrival_castle, minmay_rat_gold_closets
D:2:      minivault_5, cheibriados_altar_1
D:3:      minmay_ogre_servants

Skill      XL: |  1  2 |
---------------+-------+-----
Dodging        | 2 |  2.1
Axes           | |  0.1
Stealth        | |  1.9
Unarmed Combat | |  0.8
Spellcasting   | |  2.8
Conjurations   | |  0.7
Fire Magic     | |  2.5

Action                   || total
-------------------------++-------
Melee: Unarmed           ||    92
       Hand axe          ||    87
 Cast: Flame Tongue      ||    24
       Throw Flame       ||     4
  Use: Potion            ||     6
       Scroll            ||     8
 Stab: Sleeping          ||     8
  Eat: Chunk             ||     4
       Royal jelly       ||     1
Armor: Robe              ||    90
Dodge: Dodged            ||   126
